 Dungeon Crawl Stone Soup version 0.30-a0-571-gdf30a72648 (webtiles) character file.

Game seed: 2504822365228898100

588694 wormed the Ninja (level 25, -15/151 HPs)
             Began as a Spriggan Hunter on Dec 30, 2022.
             Was the Champion of Okawaru.
             Killed from afar by Josephina (93 damage)
             ... with a seracfall
             ... on level 1 of the Realm of Zot.
             The game lasted 02:00:19 (57458 turns).

wormed the Ninja (Spriggan Hunter)                 Turns: 57458, Time: 02:00:19

Health: -15/151    AC:  8    Str:  6    XL:     25   Next: 60%
Magic:  36/36      EV: 106   Int: 13    God:    Okawaru [******]
Gold:   7796       SH:  0    Dex: 56    Spells: 32/40 levels left

rFire   + + .      SeeInvis +    Y - +9 arbalest of Victory {penet, Fly Dex+3}
rCold   . . .      Faith    .    (shield currently unavailable)
rNeg    . . .      Spirit   .    Z - +2 robe of the Mind {rF+ Dex+6}
rPois   .          Reflect  .    R - +2 hat of Hihuem {Dex+4 Stlth+}
rElec   .          Harm     .    S - +1 cloak of the Black Moon {rF+ Will+}
rCorr   .          Rampage  .    (gloves unavailable)
Will    +++++                    (boots unavailable) Stlth ***+++++++
                                 K - amulet of the acrobat
HPRegen 0.45/turn                D - +6 ring of dexterity
MPRegen 0.25/turn                F - +6 ring of dexterity

@: frozen, acrobatic, flying, studying Stealth, quick
A: very small, no large weapons, unfitting armour, see invisible, speed 3, agile
1, strong-willed 1
}: 4/15 runes: decaying, slimy, silver, gossamer
a: Renounce Religion, Heroism, Finesse, Duel


You were on level 1 of the Realm of Zot.
You worshipped Okawaru.
Okawaru was exalted by your worship.
You visited 12 branches of the dungeon, and saw 50 of its levels.
You also visited: Ossuary, Bailey, Gauntlet and Ice Cave.

You collected 7860 gold pieces.
You spent 64 gold pieces at shops.

Inventory:

Hand Weapons
 Y - the +9 arbalest of Victory (weapon) {penet, Fly Dex+3}
   (Okawaru gifted it to you on level 1 of the Swamp)

   Any ammunition fired by it passes through the targets it hits, potentially
   hitting all targets in its path until it reaches maximum range.
   Dex:       It affects your dexterity (+3).
   Fly:       It grants you flight.
Armour
 d - the +3 buckler "Zanirry" {rCorr}
   (Okawaru gifted it to you on level 3 of the Swamp)

   rCorr:     It protects you from acid and corrosion.
 r - the +4 dragonskin cloak
   (You took it off Tiamat on level 1 of the Realm of Zot)

   It grants the wearer a chance to resist fire, cold, poison, electricity,
   acid, and negative energy.
 R - the +2 hat of Hihuem (worn) {Dex+4 Stlth+}
   (Okawaru gifted it to you in a Gauntlet)

   Dex:       It affects your dexterity (+4).
   Stlth:     It makes you more stealthy.
 S - the +1 cloak of the Black Moon (worn) {rF+ Will+}
   (You acquired it in an ice cave)

   rF:        It protects you from fire.
   Will:      It increases your willpower.
 T - a +2 robe of willpower
 Z - the +2 robe of the Mind (worn) {rF+ Dex+6}
   (Okawaru gifted it to you on level 2 of the Lair of Beasts)

   Dex:       It affects your dexterity (+6).
   rF:        It protects you from fire.
Jewellery
 q - a ring of ice
 t - a ring of willpower
 v - a ring of protection from fire
 D - a +6 ring of dexterity (left hand)
 F - a +6 ring of dexterity (right hand)
 K - an amulet of the acrobat (around neck)
 M - the ring of the Contumacious God {Will+ EV+5}
   (You acquired it on level 10 of the Dungeon)

   [ring of evasion]

   EV:        It affects your evasion (+5).
   Will:      It increases your willpower.
 V - a ring of positive energy
Wands
 c - a wand of flame (74)
 y - a wand of digging (4)
 C - a wand of roots (64)
 N - a wand of acid (36)
 O - a wand of mindburst (38)
 Q - a wand of polymorph (23)
 U - a wand of paralysis (36)
Scrolls
 b - 7 scrolls of immolation
 e - 6 scrolls of enchant weapon
 f - 8 scrolls of magic mapping
 h - 3 scrolls of torment
 j - 29 scrolls of teleportation
 l - 7 scrolls of vulnerability
 m - 6 scrolls of silence
 o - 11 scrolls of fog
 s - 7 scrolls of blinking
 w - 13 scrolls of enchant armour
 z - 13 scrolls of poison
 J - 9 scrolls of fear
 P - 6 scrolls of amnesia
Potions
 a - 6 potions of magic
 g - 22 potions of curing
 i - 11 potions of ambrosia
 k - 12 potions of mutation
 n - 10 potions of haste
 p - 11 potions of cancellation
 u - 6 potions of invisibility
 x - 4 potions of resistance
 A - 8 potions of berserk rage
 B - 14 potions of might
 E - 6 potions of heal wounds
 G - 7 potions of lignification
 H - 10 potions of brilliance
 I - 9 potions of attraction
 L - 10 potions of flight


   Skills:
 + Level 22.2 Fighting
 + Level 24.8 Ranged Weapons
 O Level 27 Dodging
 O Level 27 Stealth
 - Level 8.0 Spellcasting
 - Level 18.5 Translocations
 - Level 12.0 Invocations


You had 32 spell levels left.
You knew the following spells:

 Your Spells              Type           Power      Damage    Failure   Level
a - Blink                 Tloc           100%       N/A       0%          2
b - Dispersal             Tloc           26%        N/A       1%          6

Your spell library contained the following spells:

 Spells                   Type           Power      Damage    Failure   Level
 Gell's Gravitas          Tloc           52%        N/A       1%          3
 Lesser Beckoning         Tloc           100%       N/A       1%          3
 Portal Projectile        Hex/Tloc       58%        N/A       1%          3
 Teleport Other           Tloc           52%        N/A       1%          3
 Vhi's Electric Charge    Tloc/Air       58%        N/A       1%          3
 Passage of Golubria      Tloc           52%        N/A       1%          4
 Iskenderun's Mystic Bla  Conj/Tloc      29%        2d7       3%          4
 Foxfire                  Conj/Fire      20%        2x1d5     14%         1
 Freeze                   Ice            20%        1d4       14%         1
 Kiss of Death            Conj/Necr      20%        2d7       14%         1
 Necrotise                Necr           20%        1d5       14%         1
 Sandblast                Erth           10%        2d5       14%         1
 Ensorcelled Hibernation  Hex/Ice        10%        N/A       21%         2
 Passwall                 Tmut/Erth      4%         N/A       21%         2
 Static Discharge         Conj/Air       10%        2-3/arc   21%         2
 Sublimation of Blood     Necr           5%         N/A       21%         2
 Confusing Touch          Hex            5%         N/A       38%         3
 Dazzling Flash           Conj/Hex       10%        N/A       38%         3
 Frozen Ramparts          Ice            10%        1d2       38%         3
 Hailstorm                Conj/Ice       5%         3d4       38%         3
 Ignite Poison            Fire/Tmut/Pois 5%         N/A       38%         3
 Inner Flame              Hex/Fire       5%         N/A       38%         3
 Mephitic Cloud           Conj/Pois/Air  5%         N/A       38%         3
 Ozocubu's Armour         Ice            5%         N/A       38%         3
 Spider Form              Tmut/Pois      5%         N/A       38%         3
 Stone Arrow              Conj/Erth      10%        3d7       38%         3
 Swiftness                Air            5%         N/A       38%         3
 Airstrike                Air            2%         2d(1-17)  80%         4
 Anguish                  Hex/Necr       2%         N/A       80%         4
 Cause Fear               Hex            2%         N/A       80%         4
 Dispel Undead            Necr           5%         3d7       80%         4
 Flame Wave               Conj/Fire      5%         2d5       80%         4
 Ice Form                 Ice/Tmut       5%         N/A       80%         4
 Leda's Liquefaction      Hex/Erth       2%         N/A       80%         4
 Olgreb's Toxic Radiance  Pois           5%         N/A       80%         4
 Petrify                  Tmut/Erth      5%         N/A       80%         4
 Sticky Flame             Conj/Fire      5%         2d3       80%         4
 Alistair's Intoxication  Tmut/Pois      3%         N/A       98%         5
 Arcjolt                  Conj/Air       2%         1d12      98%         5
 Blade Hands              Tmut           2%         N/A       98%         5
 Borgnjor's Vile Clutch   Necr/Erth      2%         N/A       98%         5
 Fireball                 Conj/Fire      2%         3d4       98%         5
 Irradiate                Conj/Tmut      2%         3d12      98%         5
 Lightning Bolt           Conj/Air       2%         1d14      98%         5
 Metabolic Englaciation   Hex/Ice        2%         N/A       98%         5
 Silence                  Hex/Air        2%         N/A       98%         5
 Yara's Violent Unravell  Hex/Tmut       2%         3d3       98%         5
 Conjure Ball Lightning   Conj/Air       2%         3x3d6     100%        6
 Eringya's Noxious Bog    Tmut/Pois      2%         N/A       100%        6
 Iron Shot                Conj/Erth      2%         9d2       100%        6
 Starburst                Conj/Fire      2%         6d3       100%        6
 Dragon Form              Tmut           2%         N/A       100%        7
 Enfeeble                 Hex            2%         N/A       100%        7
 Ozocubu's Refrigeration  Ice            2%         4d8       100%        7
 Borgnjor's Revivificati  Necr           2%         N/A       100%        8
 Ignition                 Fire           2%         3d3       100%        8
 Lehudib's Crystal Spear  Conj/Erth      2%         10d2      100%        8
 Maxwell's Capacitive Co  Air            2%         ∞         100%        8
 Necromutation            Tmut/Necr      2%         N/A       100%        8
 Chain Lightning          Conj/Air       2%         3d3       100%        9
 Death's Door             Necr           2%         N/A       100%        9
 Fire Storm               Conj/Fire      2%         8d1       100%        9
 Polar Vortex             Ice            2%         N/A       100%        9
 Shatter                  Erth           2%         3d6*      100%        9
 Tukima's Dance           Hex            Unusable   N/A       N/A         3
 Animate Armour           Summ/Erth      Unusable   N/A       N/A         4
 Animate Dead             Necr           Unusable   N/A       N/A         4
 Summon Lightning Spire   Summ/Air       Unusable   N/A       N/A         4
 Simulacrum               Ice/Necr       Unusable   N/A       N/A         6
 Infestation              Necr           Unusable   N/A       N/A         8
 Dragon's Call            Summ           Unusable   N/A       N/A         9

Dungeon Overview and Level Annotations

Branches:
Dungeon (15/15)            Temple (1/1) D:7            Lair (5/5) D:8
  Swamp (4/4) Lair:3       Spider (4/4) Lair:2        Slime (5/5) Lair:5
    Orc (2/2) D:9             Elf (3/3) Orc:2        Vaults (5/5) D:13
  Crypt (0/3) Vaults:3     Depths (4/4) D:15           Hell (visited)
    Zot (1/5) Depths:4    Ossuary (visited)          Bailey (visited)
  IceCv (visited)         Gauntlet (visited)
    Dis: Hell:1         Geh: Hell:1         Coc: Hell:1         Tar: Hell:1

Altars:
Ashenzari
Cheibriados
Dithmenos
Elyvilon
Fedhas
Gozag
Hepliaklqana
Kikubaaqudgha
Makhleb
Nemelex Xobeh
Okawaru
Qazlal
Ru
Sif Muna
Trog
Uskayaw
Vehumet
Wu Jian
Xom
Yredelemnul
Zin
The Shining One
Jiyva
Lugonu

Shops:
D:7 [   D:14 [(??=   D:15 *   Orc:2 *([*=   Elf:1 *:   Elf:2 =**

Portals:
Hell: Lair:5 Depths:1 Depths:2 Depths:3 Depths:4
Abyss: Depths:1 Depths:2 Depths:3 Depths:4
Pandemonium: Depths:1 Depths:2
Ziggurat: Depths:2
Trove: Depths:1 (give 3 potions of resistance)

Annotations:
Hell Geryon
Zot:1 Josephina


Innate Abilities, Weirdness & Mutations

You are very small and have problems with some larger weapons.
You are too small for most types of armour.
You have supernaturally acute eyesight. (SInv)
You cover ground extremely quickly. (Speed+++)
You are agile. (Dex +4, Str/Int -1)
You are strong-willed. (Will+)


Message History

You shoot a bolt. The bolt pierces through Josephina!!!
Josephina is heavily damaged.
Josephina screams, "I'll use your head as a decoration in Hell!"
Josephina points at you and mumbles some strange words.
The icy flash freeze misses you.
You shoot a bolt. The bolt pierces through Josephina!
Josephina is heavily damaged.
A ghost moth simulacrum comes into view. x2
You shoot a bolt. The bolt completely misses Josephina.
You shoot a bolt. The bolt barely misses Josephina.
The bolt pierces through the ghost moth simulacrum!!!
The ghost moth simulacrum vaporises!
Okawaru accepts your kill.
You shoot a bolt. The bolt pierces through Josephina!
Josephina is heavily damaged.
Josephina completely misses you.
You shoot a bolt. The bolt barely misses Josephina.
The bolt pierces through the ghost moth simulacrum!!
The ghost moth simulacrum is severely damaged.
Josephina completely misses you.
A ghost moth simulacrum comes into view.
You shoot a bolt. The bolt pierces through Josephina.
Josephina is heavily damaged.
The bolt barely misses the ghost moth simulacrum.
Josephina completely misses you.
You shoot a bolt.
The bolt pierces through the shadow dragon simulacrum!!
The shadow dragon simulacrum is heavily damaged.
Josephina casts a spell at you. The icy flash freeze hits you!!
You are encased in ice.
The shadow dragon simulacrum completely misses you. x3
Josephina mumbles some strange words.
The shadow dragon simulacrum collapses into a mass of ice!
The mass of ice explodes!
The seracfall engulfs you!!!
Josephina gestures wildly while chanting.
The ghost moth simulacrum collapses into a mass of ice!
The mass of ice explodes!
The seracfall engulfs you!!!!
Ouch! That really hurt!
You die...

.......... #...# .....
...........# #...# .....
...........# #...# ......
...........# #...###...>..
...........# #...#.L☼.....
...........# #.........#
...........####.)..°Z...#
........................#
................@.......#
........................#
...°..............###...#
..°...............# #...#
...°○q°.D.........# #.†.#
#########...⌠.....# #...# . #
##........###...####.. #
#...))..###.........(
###########.......#........>..


You could see Josephina and a ghost moth simulacrum.

Vanquished Creatures
  the Royal Jelly (Slime:5)
  Dissolution (Slime:3)
  A dread lich (Vaults:5)
  Tiamat (Zot:1)
  An ancient lich (Vaults:5)
  Mara (Vaults:5)
  2 juggernauts (Depths:2)
  Sojobo (Depths:4)
  5 golden dragons
  4 caustic shrikes
  Jory (Depths:4)
  2 bone dragons
  8 tentacled monstrosities
  Zenata (Elf:3)
  A hellephant (Depths:4)
  Mlioglotl (Spider:1)
  Jorgrun (Elf:1)
  A titan (Vaults:5)
  A walking earthen tome (Depths:2)
  2 deep elf blademasters (Elf:3)
  4 liches
  2 deep elf master archers (Elf:3)
  A walking frostbound tome (Depths:4)
  A quicksilver dragon (Vaults:5)
  26 acid blobs
  13 sphinxes
  A thorn hunter (Swamp:2)
  A death cob (Zot:1)
  Kirke (D:15)
  9 tengu reavers
  11 shadow dragons
  9 rockslimes
  5 storm dragons
  The ghost of Pesouf the Phalangite, an adept MfHs of Okawaru (Spider:1)
  A fenstrider witch (Swamp:2)
  11 azure jellies
  2 draconian knights
  6 frost giants
  12 fire giants
  4 draconian monks
  A draconian shifter (Zot:1)
  2 ghouls (Swamp:2)
  13 deep elf sorcerers
  6 emperor scorpions (Spider:4)
  16 vault wardens
  Louise (Swamp:3)
  4 iron dragons
  A draconian scorcher (Zot:1)
  2 ghost moths
  2 draconian stormcallers (Depths:4)
  An orc warlord (Orc:2)
  5 deep elf elementalists
  A reaper (Gauntlet)
  2 angels (Elf:1)
  16 ironbound preservers
  14 quicksilver oozes
  3 draconian annihilators
  2 war gargoyles (Vaults:5)
  A broodmother (Spider:1)
  5 spriggan defenders
  4 ironbound thunderhulks
  6 deep elf demonologists
  26 very ugly things
  21 stone giants
  3 vampire knights
  6 deep elf annihilators
  3 black draconians
  An eleionoma (Swamp:4)
  2 white draconians
  6 spark wasps
  A dire elephant (Vaults:3)
  A minotaur (Gauntlet)
  4 yellow draconians
  4 purple draconians
  19 ettins
  4 red draconians
  2 bunyips
  10 deep elf death magi
  5 fire dragons
  An ettin (shapeshifter) (Vaults:5)
  The ghost of lotum the Severer, a journeyman HOFi of Gozag (D:10)
  A merfolk impaler (Depths:2)
  9 yaktaur captains
  8 great orbs of eyes
  5 deep elf high priests
  6 entropy weavers
  33 vault guards
  2 rakshasas
  3 ghost crabs
  A hell beast (Lair:5)
  13 ice dragons
  4 caustic shrike simulacra (IceCv)
  2 jorogumos
  12 hydras
  3 ogre magi
  4 spriggan air magi
  2 catoblepae (Lair:5)
  8 ironbound frosthearts
  A radroach (Spider:3)
  2 centaur warriors
  14 two-headed ogres
  9 tengu warriors
  6 deep troll earth magi
  11 boulder beetles
  6 deep troll shamans
  7 alligators
  16 death yaks
  A vampire mage (Depths:1)
  32 dancing weapons
  7 spriggan berserkers
  A shock serpent (shapeshifter) (Vaults:5)
  8 hell hogs (Depths:4)
  4 orc high priests (Orc:2)
  A titan skeleton (Vaults:3)
  20 deep elf knights
  8 hell knights
  A death drake (Swamp:3)
  6 iron trolls
  A storm dragon skeleton (Vaults:3)
  5 pharaoh ants
  3 sun moths (Spider:1)
  10 goliath frogs
  5 steelbarb worms
  2 orange crystal statues (IceCv)
  7 skeletal warriors
  57 deep trolls
  11 deep elf archers
  7 orb spiders
  A quicksilver dragon simulacrum (Zot:1)
  5 spectral hydras
  A sea snake (shapeshifter) (Elf:2)
  A glowing orange brain (Depths:2)
  24 ironbound convokers
  A sphinx zombie (D:15)
  A flayed ghost (Depths:2)
  7 necromancers
  8 swamp dragons
  11 bog bodies
  A spriggan druid (Swamp:1)
  5 orc knights
  2 goliath frog zombies (Swamp:3)
  5 harpies (Vaults:2)
  A harpy (shapeshifter) (Vaults:5)
  7 phantasmal warriors
  A shadow dragon zombie (Vaults:3)
  Pikel (D:7)
  3 manticores
  7 wizards
  29 deep elf pyromancers
  37 deep elf zephyrmancers
  A human zombie (Vaults:2)
  11 lindwurms (Vaults:3)
  6 shining eyes
  23 wolf spiders
  A cyclops (D:13)
  7 orc sorcerers
  7 oklob plants
  30 ugly things
  4 large abominations (Depths:1)
  3 will-o-the-wisps
  A moth of wrath (Spider:4)
  3 fire giant skeletons (Depths:2)
  A spectral centaur (D:10)
  6 demonic crawlers
  18 vault sentinels
  A black mamba (Lair:5)
  Maggie (D:10)
  An orange demon (Lair:5)
  2 gargoyles
  2 unseen horrors
  2 eyes of devastation
  3 torpor snails
  12 swamp worm zombies
  An efreet (D:14)
  5 cane toads
  A rime drake (shapeshifter) (Elf:1)
  4 spriggan zombies
  26 yaktaurs
  A yaktaur zombie (Vaults:3)
  A kobold demonologist (D:9)
  A yaktaur (shapeshifter) (Vaults:5)
  2 ice devils (Lair:5)
  3 komodo dragons
  10 rime drakes
  5 tengu conjurers
  6 freezing wraiths
  A ghost moth simulacrum (Zot:1)
  An anaconda simulacrum (IceCv)
  An unseen horror zombie (D:10)
  A golden dragon simulacrum (IceCv)
  4 guardian mummies (Depths:3)
  A hellwing (Lair:5)
  14 trolls
  10 meliai
  A tengu simulacrum (Depths:2)
  3 red devils
  4 bloated husks
  A yaktaur skeleton (Vaults:2)
  3 polar bears
  8 tyrant leeches
  4 hydra zombies (Swamp:4)
  20 hornets
  18 tarantellas
  A hornet (shapeshifter) (Elf:2)
  7 spectral swamp dragons
  10 alligator zombies
  10 blink frogs
  104 slime creatures
  2 vampires (D:15)
  3 air elementals
  2 centaur simulacra
  30 culicivoras
  24 jumping spiders
  2 dire elephant simulacra (IceCv)
  26 spriggans
  5 shadows
  Sigmund (D:4)
  6 wyverns
  2 tyrant leech zombies (Swamp:3)
  7 basilisks
  6 hogs (D:15)
  64 yaks
  3 golden eyes
  A fire elemental (Elf:2)
  6 humans
  11 water elementals (Depths:2)
  A redback (shapeshifter) (Vaults:5)
  3 chaos spawn (Depths:1)
  60 redbacks
  2 steam dragons
  12 vampire mosquitoes
  3 wargs
  A glowing shapeshifter zombie (D:15)
  2 harpy simulacra (IceCv)
  An acid dragon (D:11)
  12 swamp worms
  2 hydra simulacra (IceCv)
  5 hell hounds (Lair:5)
  9 water moccasins
  A floating eye (Depths:2)
  2 human skeletons
  3 black bears
  A swamp drake (Swamp:1)
  2 alligator simulacra (IceCv)
  2 ice beasts
  2 ettin simulacra (IceCv)
  2 swamp dragon zombies (Swamp:4)
  16 ogres
  30 orc warriors
  A tengu (shapeshifter) (Depths:4)
  5 boggarts (D:15)
  19 wolves
  A centaur (D:5)
  3 lemures (D:7)
  3 phantoms (Swamp:4)
  2 kobold brigands (D:9)
  8 bullfrogs
  3 gnoll sergeants
  3 earth elementals (Elf:3)
  3 necrophages
  4 scorpions
  4 wights (D:7)
  2 troll zombies (Swamp:3)
  13 killer bees
  5 electric eels
  4 crimson imps (D:4)
  3 centaur skeletons (D:10)
  7 hounds
  A jelly (D:5)
  Crazy Yiuf (D:3)
  2 gnoll boudas
  17 orc priests
  Jessica (D:3)
  2 iguanas
  38 orc wizards
  A spectral swamp drake (Swamp:4)
  8 small abominations (Depths:1)
  15 mummies
  23 gnolls
  A swamp drake zombie (Swamp:4)
  10 adders
  4 shadow imps
  A worm (D:3)
  3 dart slugs
  105 orcs
  6 ball pythons
  6 endoplasms
  A giant cockroach (D:1)
  7 goblins
  3 hobgoblins
  12 jackals
  4 quokkas
  4 bats
  A frilled lizard (D:1)
  A gnoll skeleton (Ossuary)
  3 goblin skeletons (Ossuary)
  15 kobolds
  4 orc skeletons (Ossuary)
  5 rats
  11 rat skeletons (Ossuary)
2153 creatures vanquished.

Vanquished Creatures (others)
  A ghost moth simulacrum (Zot:1)
  A shadow dragon simulacrum (Zot:1)
  A slime creature (Slime:3)
  A swamp dragon zombie (Swamp:4)
  2 phantoms (Swamp:4)
  An orc (Vaults:5)
  2 bushes
  4 foxfires (Swamp:3)
  25 fungi
  47 plants
  16 withered plants
101 creatures vanquished.

Grand Total: 2254 creatures vanquished

Notes
Turn   | Place    | Note
-------+----------+-------------------------------------------
     0 | D:1      | wormed the Spriggan Hunter began the quest for the Orb.
     0 | D:1      | Reached XP level 1. HP: 10/10 MP: 2/2
   100 | D:1      | Reached XP level 2. HP: 7/15 MP: 3/3
   523 | D:1      | Reached XP level 3. HP: 18/18 MP: 4/4
   911 | D:2      | Found an ornate altar of the Wu Jian Council.
  1748 | D:3      | Reached XP level 4. HP: 23/23 MP: 5/5
  1797 | D:3      | Noticed Jessica
  1801 | D:3      | Killed Jessica
  2091 | D:3      | Reached skill level 5 in Ranged Weapons
  2343 | D:3      | Found a runed translucent door.
  2344 | D:3      | Noticed Crazy Yiuf
  2373 | D:3      | Reached XP level 5. HP: 27/27 MP: 6/6
  2537 | D:3      | Killed Crazy Yiuf
  2713 | D:4      | Found a hazy altar of Hepliaklqana.
  2776 | D:4      | Noticed Sigmund
  3027 | D:4      | Found a sand-covered staircase.
  3035 | Ossuary  | Entered an ossuary
  3054 | Ossuary  | Reached XP level 6. HP: 32/32 MP: 7/7
  3389 | D:4      | Found an opulent altar of Gozag.
  3410 | D:4      | Reached skill level 5 in Stealth
  3449 | D:4      | Reached skill level 5 in Dodging
  3579 | D:4      | Found a shimmering altar of Xom.
  3635 | D:4      | Reached XP level 7. HP: 36/36 MP: 8/8
  3947 | D:5      | Entered Level 5 of the Dungeon
  4640 | D:5      | Reached XP level 8. HP: 42/42 MP: 9/9
  4711 | D:5      | You fall into a shaft and drop 1 floor!
  5037 | D:5      | Identified a scroll of acquirement
  5040 | D:5      | Acquired the +6 arbalest "Damnation" {damnation}
  5040 | D:5      | Found the +6 arbalest "Damnation" {damnation}
  5501 | D:4      | Killed Sigmund
  5783 | D:6      | Reached XP level 9. HP: 46/46 MP: 10/10
  5938 | D:6      | Reached skill level 5 in Fighting
  6014 | D:6      | Found a sparkling altar of Nemelex Xobeh.
  6021 | D:6      | Found an ancient bone altar of Kikubaaqudgha.
  6192 | D:7      | Found a flagged portal.
  6198 | D:7      | Found Oqe Kuu's Armour Shop.
  6211 | Bailey   | Entered a bailey
  6275 | Bailey   | Identified the +6 falchion "Seef" {heavy, rElec Will+ Str-4
                  | Int+2}
  6277 | Bailey   | Reached skill level 10 in Ranged Weapons
  6277 | Bailey   | Reached skill level 10 in Stealth
  6277 | Bailey   | Noticed a two-headed ogre
  6279 | Bailey   | Killed a two-headed ogre
  6280 | Bailey   | Reached XP level 10. HP: 53/53 MP: 11/11
  6406 | D:7      | Acquired a manual of Dodging
  6493 | D:7      | Found a staircase to the Ecumenical Temple.
  6502 | Temple   | Entered the Ecumenical Temple
  6502 | Temple   | Found a transporter.
  6502 | Temple   | Found a transporter.
  6504 | Temple   | Found a transporter.
  6504 | Temple   | Found a transporter.
  6544 | Temple   | Became a worshipper of Warmaster Okawaru
  6752 | D:7      | Noticed Pikel
  6754 | D:7      | Killed Pikel
  6754 | D:7      | Reached * piety under Okawaru
  6755 | D:7      | Reached skill level 10 in Dodging
  7322 | D:8      | Reached ** piety under Okawaru
  7323 | D:8      | Found a staircase to the Lair.
  7380 | D:8      | Noticed a two-headed ogre
  7383 | D:8      | Killed a two-headed ogre
  7391 | D:8      | Reached XP level 11. HP: 58/58 MP: 12/12
  7899 | D:8      | Reached *** piety under Okawaru
  8388 | D:9      | Found a staircase to the Orcish Mines.
  8446 | D:9      | Reached **** piety under Okawaru
  8670 | D:10     | Entered Level 10 of the Dungeon
  8712 | D:10     | Noticed Maggie
  8714 | D:10     | Killed Maggie
  8985 | D:10     | Noticed a two-headed ogre
  8995 | D:10     | Killed a two-headed ogre
  9147 | D:10     | Acquired the ring of the Contumacious God {Will+ EV+5}
  9219 | D:10     | Found a runed translucent door.
  9222 | D:10     | Noticed lotum's ghost (journeyman HOFi)
  9400 | D:10     | Killed lotum's ghost
  9400 | D:10     | Reached ***** piety under Okawaru
  9400 | D:10     | Received a gift from Okawaru
  9619 | D:11     | Noticed a skeletal warrior
  9623 | D:11     | Noticed a skeletal warrior
  9629 | D:11     | Killed a skeletal warrior
  9631 | D:11     | Noticed a skeletal warrior
  9633 | D:11     | Killed a skeletal warrior
  9634 | D:11     | Noticed a skeletal warrior
  9635 | D:11     | Killed a skeletal warrior
  9636 | D:11     | Reached XP level 12. HP: 64/64 MP: 13/13
  9708 | D:11     | Found a gate leading to a gauntlet.
  9760 | Gauntlet | Entered a Gauntlet
  9760 | Gauntlet | Found a transporter.
  9761 | Gauntlet | Noticed a reaper
  9764 | Gauntlet | Found a transporter.
  9765 | Gauntlet | Found a transporter.
  9766 | Gauntlet | Found a transporter.
  9769 | Gauntlet | Found a transporter.
  9770 | Gauntlet | Found a transporter.
  9779 | Gauntlet | Found a transporter.
  9779 | Gauntlet | Found a transporter.
  9806 | Gauntlet | Found a transporter.
  9806 | Gauntlet | Found a transporter.
  9806 | Gauntlet | Found a transporter.
  9815 | Gauntlet | Found a transporter.
 10194 | Gauntlet | Identified the +1 pair of gloves "Earthly Heaven" {rC+
                  | SInv}
 10197 | Gauntlet | Killed a reaper
 10338 | Gauntlet | Identified the +1 gold dragon scales "Tenygrie" {+Inv rElec
                  | rPois rF+ rC+ rCorr Str+2 Dex+2}
 10338 | Gauntlet | Identified the +5 kite shield of Nuush {rElec Int+5 Dex+2}
 10338 | Gauntlet | Noticed a minotaur
 10342 | Gauntlet | Killed a minotaur
 10342 | Gauntlet | Identified the +2 hat of Hihuem {Dex+4 Stlth+} (Okawaru
                  | gifted it to you in a Gauntlet)
 10342 | Gauntlet | Received a gift from Okawaru
 10356 | Gauntlet | Got Sif Muna's Codex of the Foremost Tales
 10371 | Gauntlet | Got the Grimoire of Blasphemous Deeds
 10614 | D:11     | Reached skill level 15 in Dodging
 10689 | D:11     | Found a burning altar of Makhleb.
 10689 | D:11     | Noticed a green death
 10945 | D:12     | Noticed a tengu warrior
 10948 | D:12     | Killed a tengu warrior
 11651 | D:13     | Identified the +2 mace of War {freeze, Contam rPois SInv}
 11684 | D:13     | Noticed a two-headed ogre
 11686 | D:13     | Killed a two-headed ogre
 11686 | D:13     | Noticed a two-headed ogre
 11689 | D:13     | Killed a two-headed ogre
 11768 | D:13     | Found a gate to the Vaults.
 11853 | D:13     | Reached skill level 15 in Stealth
 11924 | D:13     | Noticed a tengu warrior
 11927 | D:13     | Killed a tengu warrior
 12018 | D:13     | Reached XP level 13. HP: 70/70 MP: 14/14
 12443 | D:13     | Received a gift from Okawaru
 12642 | D:14     | Found Fauge's Jewellery Shoppe.
 12707 | D:14     | Found Ajiedobb's Magic Scroll Emporium.
 12715 | D:14     | Bought a scroll of identify for 32 gold pieces
 12715 | D:14     | Bought a scroll of identify for 32 gold pieces
 12747 | D:14     | Found Lisken's Antique Weapon Boutique.
 12750 | D:14     | Reached ****** piety under Okawaru
 13067 | D:14     | Found Zobomes's Magic Scroll Boutique.
 13168 | D:14     | Reached skill level 15 in Ranged Weapons
 13296 | D:14     | Found Tauwaut's Armour Boutique.
 13607 | D:15     | Entered Level 15 of the Dungeon
 13678 | D:15     | Found a staircase to the Depths.
 13688 | D:15     | Reached skill level 10 in Fighting
 13760 | D:15     | Noticed Kirke
 13767 | D:15     | Killed Kirke
 13795 | D:15     | Identified the +1 helmet of Sophism {Str-5 Int+8}
 13931 | D:15     | Received a gift from Okawaru
 14056 | D:15     | Found Behixaih's Blood Bar.
 14430 | D:15     | Received a gift from Okawaru
 14790 | Lair:1   | Entered Level 1 of the Lair of Beasts
 14837 | Lair:1   | Reached XP level 14. HP: 54/77 MP: 15/15
 14968 | Lair:1   | Received a gift from Okawaru
 15885 | Lair:2   | Found a hole to the Spider Nest.
 15892 | Lair:2   | Identified the +2 robe of the Mind {rF+ Dex+6} (Okawaru
                  | gifted it to you on level 2 of the Lair of Beasts)
 15892 | Lair:2   | Received a gift from Okawaru
 16509 | Lair:3   | Found a staircase to the Swamp.
 17632 | Lair:4   | Identified the +7 flail "Orb Guardian's Death" {protect,
                  | Fly Str+2}
 18128 | Lair:5   | Entered Level 5 of the Lair of Beasts
 18445 | Lair:5   | Received a gift from Okawaru
 18593 | Lair:5   | Reached XP level 15. HP: 85/85 MP: 16/16
 18700 | Lair:5   | Found a burning altar of Makhleb.
 18778 | Lair:5   | Found a gateway to Hell.
 18804 | Lair:5   | Received a gift from Okawaru
 19137 | Lair:5   | Found a staircase to the Slime Pits.
 19782 | Hell     | Entered the Vestibule of Hell
 19782 | Hell     | Noticed Geryon
 19966 | Orc:1    | Entered Level 1 of the Orcish Mines
 20193 | Orc:2    | Entered Level 2 of the Orcish Mines
 20368 | Orc:2    | Reached skill level 1 in Invocations
 20410 | Orc:2    | Identified the +6 quarterstaff of Watchfulness {speed,
                  | rElec rN++} (Okawaru gifted it to you on level 2 of the
                  | Orcish Mines)
 20410 | Orc:2    | Received a gift from Okawaru
 20540 | Orc:2    | Found Qyjeucw's General Store.
 20541 | Orc:2    | Found Canuth Itre's Jewellery Shop.
 20543 | Orc:2    | Found Zicott's Antique Armour Shop.
 20543 | Orc:2    | Found Hourunt's Antique Weapon Boutique.
 20658 | Orc:2    | Found a staircase to the Elven Halls.
 20661 | Orc:2    | Found Lunnerch's General Store.
 20789 | Orc:1    | Found a shimmering blue altar of Sif Muna.
 21079 | Spider:1 | Entered Level 1 of the Spider Nest
 21170 | Spider:1 | Noticed Mlioglotl
 21176 | Spider:1 | Killed Mlioglotl
 21281 | Spider:1 | Reached skill level 5 in Invocations
 21341 | Spider:1 | Received a gift from Okawaru
 21429 | Spider:1 | Reached XP level 16. HP: 91/91 MP: 21/21
 21454 | Spider:1 | Found a runed translucent gate.
 21454 | Spider:1 | Found a runed translucent gate.
 21454 | Spider:1 | Found a runed translucent gate.
 21456 | Spider:1 | Noticed Pesouf's ghost (adept MfHs)
 21899 | Spider:1 | Killed Pesouf's ghost
 22336 | Spider:2 | Identified the +7 rapier of Okawaru's Approval {spect,
                  | rPois rC+ Str+3} (Okawaru gifted it to you on level 2 of
                  | the Spider Nest)
 22336 | Spider:2 | Received a gift from Okawaru
 23909 | Spider:3 | Received a gift from Okawaru
 24443 | Spider:3 | Found a frozen archway.
 24477 | IceCv    | Entered an ice cave
 24619 | IceCv    | Acquired the +1 cloak of the Black Moon {rF+ Will+}
 24620 | IceCv    | Acquired a manual of Stealth
 25293 | Spider:4 | Entered Level 4 of the Spider Nest
 25606 | Spider:4 | Identified the +2 hat of Toeq {Harm *Slow rPois} (Okawaru
                  | gifted it to you on level 4 of the Spider Nest)
 25606 | Spider:4 | Received a gift from Okawaru
 26050 | Spider:4 | Identified the ring of Aluosot {Ice rPois rN+}
 26220 | Spider:4 | Reached XP level 17. HP: 97/97 MP: 25/25
 26576 | Spider:4 | Reached skill level 10 in Invocations
 26816 | Spider:4 | Got a gossamer rune of Zot
 27177 | Swamp:1  | Entered Level 1 of the Swamp
 27311 | Swamp:1  | Identified the +9 arbalest of Victory {penet, Fly Dex+3}
                  | (Okawaru gifted it to you on level 1 of the Swamp)
 27311 | Swamp:1  | Received a gift from Okawaru
 28870 | Swamp:3  | Identified the +3 buckler "Zanirry" {rCorr} (Okawaru gifted
                  | it to you on level 3 of the Swamp)
 28870 | Swamp:3  | Received a gift from Okawaru
 28876 | Swamp:3  | Noticed Louise
 28881 | Swamp:3  | Killed Louise
 30141 | Swamp:3  | Reached XP level 18. HP: 103/103 MP: 28/28
 30274 | Swamp:4  | Entered Level 4 of the Swamp
 30333 | Swamp:4  | Reached skill level 15 in Fighting
 30433 | Swamp:4  | Received a gift from Okawaru
 30825 | Swamp:4  | Noticed a bone dragon
 30841 | Swamp:4  | Killed a bone dragon
 31097 | Swamp:4  | Got a decaying rune of Zot
 31457 | Elf:1    | Entered Level 1 of the Elven Halls
 31457 | Elf:1    | Found Vazoj Wesk's Book Shoppe.
 31567 | Elf:1    | Received a gift from Okawaru
 31926 | Elf:1    | Found Qujevvy's Gadget Gallery.
 32117 | Elf:1    | Identified the -1 cloak "Fuorhiag" {rPois Int+3}
 32120 | Elf:1    | Got the Tome of Ozone and Graupel
 32169 | Elf:1    | Identified the +1 robe "Yjumobut" {rPois Regen+ Int+5
                  | Dex-4} (Okawaru gifted it to you on level 1 of the Elven
                  | Halls)
 32169 | Elf:1    | Received a gift from Okawaru
 32205 | Elf:1    | Found a glowing golden altar of the Shining One.
 32211 | Elf:1    | Found a glowing silver altar of Zin.
 32213 | Elf:1    | Found a white marble altar of Elyvilon.
 32302 | Elf:1    | Reached skill level 27 in Stealth
 32399 | Elf:1    | Noticed Jorgrun
 32516 | Elf:1    | Killed Jorgrun
 32728 | Elf:1    | Got Vehumet's Cyclopedia of Beyond
 33326 | Elf:2    | Found Veidghyi's Specific Store.
 33328 | Elf:2    | Found Zaomaryd's General Store.
 33371 | Elf:2    | Paralysed by an air elemental for 1 turns
 33478 | Elf:3    | Entered Level 3 of the Elven Halls
 33478 | Elf:3    | Noticed Zenata
 33740 | Elf:3    | Reached XP level 19. HP: 109/109 MP: 29/29
 34065 | Elf:3    | Killed Zenata
 34243 | Elf:3    | Received a gift from Okawaru
 34836 | Elf:3    | Identified the +6 flail "Ocyar" {flame, rC++ Str+3}
 34991 | Elf:3    | Identified the +2 pair of boots "Dyhazush" {rElec Regen+
                  | Str+8 Int-5}
 35003 | Elf:3    | Learned a level 6 spell: Dispersal
 35003 | Elf:3    | Reached XP level 20. HP: 111/111 MP: 30/30
 35049 | Elf:3    | Reached skill level 5 in Translocations
 35063 | Elf:3    | Identified the +2 robe of the Dragon {Dex+3} (Okawaru
                  | gifted it to you on level 3 of the Elven Halls)
 35063 | Elf:3    | Received a gift from Okawaru
 35080 | Elf:3    | Identified the +8 mace of the Fortifying Jester {drain,
                  | Stlth+}
 35082 | Elf:3    | Reached skill level 5 in Spellcasting
 35109 | Elf:3    | Got the Almanac of Transposed Congelation
 35113 | Elf:3    | Learned a level 2 spell: Blink
 35114 | Elf:3    | Got the Guide on Grim Firn
 35123 | Elf:3    | Got the Handbook of Left-Handed Deeds and Terra Firma
 35132 | Elf:3    | Identified the +1 pair of gloves of Weightlessness {Fly
                  | rElec Int+3}
 35526 | Elf:2    | Found a runed translucent gate.
 35527 | Elf:2    | Found a runed translucent gate.
 35528 | Elf:2    | Found a runed translucent gate.
 35530 | Elf:2    | Found Botolufe's Jewellery Emporium.
 36247 | Vaults:1 | Entered Level 1 of the Vaults
 36683 | Vaults:1 | Reached skill level 10 in Translocations
 37550 | Vaults:2 | Reached XP level 21. HP: 120/120 MP: 34/34
 37559 | Vaults:2 | Received a gift from Okawaru
 38664 | Vaults:3 | Reached skill level 15 in Translocations
 38747 | Vaults:3 | Received a gift from Okawaru
 39301 | Vaults:3 | Found a staircase to the Crypt.
 39301 | Vaults:3 | Found a basalt altar of Yredelemnul.
 39302 | Vaults:3 | Found an ancient bone altar of Kikubaaqudgha.
 40740 | Vaults:4 | Received a gift from Okawaru
 40926 | Vaults:5 | Entered Level 5 of the Vaults
 41121 | Vaults:5 | Reached XP level 22. HP: 99/127 MP: 35/35
 41212 | Vaults:5 | Received a gift from Okawaru
 41458 | Vaults:5 | Noticed an ancient lich
 41466 | Vaults:5 | Killed an ancient lich
 41772 | Vaults:5 | Received a gift from Okawaru
 41789 | Vaults:5 | Identified the +8 broad axe "Ixzekleni" {heavy, rElec rF+
                  | Will- Str+7}
 41802 | Vaults:5 | Noticed Mara
 41810 | Vaults:5 | Identified the +1 pair of gloves of Ashenzari {Will+}
 42133 | Vaults:5 | Identified the +5 hand axe "Ogrebane" {venom, *Noise rPois
                  | Will+++ Stlth+}
 42161 | Vaults:5 | Identified the +8 triple crossbow of the Sky {flame, Str+4}
 42161 | Vaults:5 | Identified the +4 falchion "Jaathan" {antimagic, +Blink
                  | Will- Str+2 Dex+6}
 42293 | Vaults:5 | Identified the +5 trident "Conservator" {heavy, rC+ Str+5
                  | Dex+3}
 42759 | Vaults:5 | Noticed a dread lich
 42831 | Vaults:5 | Killed a dread lich
 42999 | Vaults:5 | Reached skill level 27 in Dodging
 43025 | Vaults:5 | Received a gift from Okawaru
 43048 | Vaults:5 | Got a silver rune of Zot
 43282 | Vaults:5 | Reached XP level 23. HP: 133/133 MP: 36/36
 43573 | Vaults:5 | Noticed wormed's illusion
 43993 | Vaults:5 | Noticed wormed's illusion
 43999 | Vaults:5 | Killed Mara
 44428 | Slime:1  | Entered Level 1 of the Pits of Slime
 44931 | Slime:1  | Gained mutation: You are vulnerable to cold. (rC-) [a
                  | shining eye]
 45022 | Slime:1  | Found a viscous altar of Jiyva.
 45443 | Slime:3  | Gained mutation: You are clumsy. (Dex -2) [a shining eye]
 45472 | Slime:3  | Gained mutation: You occasionally lose the ability to drink
                  | potions when taking damage. [a shining eye]
 46175 | Slime:4  | Noticed Dissolution
 46238 | Slime:4  | Paralysed by a floating eye for 2 turns
 46283 | Slime:3  | Killed Dissolution
 46830 | Slime:5  | Entered Level 5 of the Pits of Slime
 46962 | Slime:5  | Received a gift from Okawaru
 47293 | Slime:5  | Received a gift from Okawaru
 47372 | Slime:5  | Found a viscous altar of Jiyva.
 47712 | Slime:5  | Noticed the Royal Jelly
 48636 | Slime:5  | Killed the Royal Jelly
 49386 | Slime:5  | Got the Lectures on Telluric Ice
 49407 | Slime:5  | Got a slimy rune of Zot
 49417 | Slime:5  | Got the Book of Dominance
 49428 | Slime:5  | Identified the +0 pair of gloves of Crawling {rElec rF+
                  | rN+}
 49447 | Slime:5  | Identified the +2 scimitar of Death's Door {flame, Fly
                  | rPois SInv}
 49479 | Slime:5  | Got Advanced Steps in Witchcraft
 49699 | Slime:5  | Lost mutation: You are vulnerable to cold. (rC-) [potion of
                  | mutation]
 49699 | Slime:5  | Lost mutation: You occasionally lose the ability to drink
                  | potions when taking damage. [potion of mutation]
 49699 | Slime:5  | Gained mutation: You are resistant to electric shocks.
                  | (rElec) [potion of mutation]
 49700 | Slime:5  | Lost mutation: You are clumsy. (Dex -2) [potion of
                  | mutation]
 49700 | Slime:5  | Lost mutation: You are resistant to electric shocks.
                  | (rElec) [potion of mutation]
 49700 | Slime:5  | Gained mutation: You have large cloven feet. [potion of
                  | mutation]
 49700 | Slime:5  | Gained mutation: You occasionally lose the ability to drink
                  | potions when taking damage. [potion of mutation]
 49701 | Slime:5  | Lost mutation: You occasionally lose the ability to drink
                  | potions when taking damage. [potion of mutation]
 49701 | Slime:5  | Lost mutation: You have large cloven feet. [potion of
                  | mutation]
 49701 | Slime:5  | Gained mutation: You are strong-willed. (Will+) [potion of
                  | mutation]
 49701 | Slime:5  | Gained mutation: You are agile. (Dex +4, Str/Int -1)
                  | [potion of mutation]
 50069 | Depths:1 | Entered Level 1 of the Depths
 50082 | Depths:1 | Found a one-way gate to the infinite horrors of the Abyss.
 50209 | Depths:1 | Found an ornate altar of the Wu Jian Council.
 50340 | Depths:1 | Found a portal to a secret trove of treasure.
 50724 | Depths:1 | Received a gift from Okawaru
 50783 | Depths:1 | Found a one-way gate leading to the halls of Pandemonium.
 51005 | Depths:2 | Reached XP level 24. HP: 135/142 MP: 36/36
 51709 | Depths:2 | Received a gift from Okawaru
 51799 | Depths:2 | Noticed a juggernaut
 51840 | Depths:2 | Killed a juggernaut
 52024 | Depths:2 | Identified the +8 shortbow "Xer Karu" {freeze, Int+5 Dex+2
                  | Stlth-}
 52044 | Depths:2 | Noticed a juggernaut
 52053 | Depths:2 | Killed a juggernaut
 52058 | Depths:2 | Identified the quicksilver dragon scales of Gaok {rC+ Will+
                  | Regen+}
 52142 | Depths:2 | Found the +3 pair of mountain boots {steadfast, rC+}
 52164 | Depths:2 | Found a one-way gateway to a ziggurat.
 52175 | Depths:2 | Got the Volume of Harmful Profane Mysteries
 52213 | Depths:2 | Identified the +0 hat of the Wilderness {rN+ Will+ Str-2}
 53428 | Depths:3 | Found an iron altar of Okawaru.
 53580 | Depths:3 | Received a gift from Okawaru
 54093 | Depths:4 | Entered Level 4 of the Depths
 54201 | Depths:4 | Identified the +8 plate armour "Anoebreq" {Str+3}
 54303 | Depths:4 | Found a corrupted altar of Lugonu.
 54560 | Depths:3 | Reached XP level 25. HP: 133/149 MP: 36/36
 54565 | Depths:4 | Received a gift from Okawaru
 54578 | Depths:4 | Noticed Jory
 54591 | Depths:4 | Killed Jory
 54800 | Depths:4 | Noticed Sojobo
 54811 | Depths:4 | Received a gift from Okawaru
 55111 | Depths:4 | Killed Sojobo
 55399 | Depths:4 | Found a gate to the Realm of Zot.
 56202 | Zot:1    | Entered Level 1 of the Realm of Zot
 56213 | Zot:1    | Identified the +1 robe of the Arena {+Blink rF+ MP-9
                  | Slay+2} (Okawaru gifted it to you on level 1 of the Realm
                  | of Zot)
 56213 | Zot:1    | Received a gift from Okawaru
 56646 | Zot:1    | Found the +4 dragonskin cloak
 56646 | Zot:1    | Noticed Tiamat
 56984 | Zot:1    | Killed Tiamat
 57446 | Zot:1    | Identified the ring "Nuanga Zapo" {Ice Contam +Blink rCorr}
 57446 | Zot:1    | Noticed Josephina
 57458 | Zot:1    | Killed from afar by Josephina

Illustrated notes

Levels and vault maps discovered:
D:1:      co_arrival_square_in_a_square_in_a_square, layout_loops_ring,
          amcnicky_mini_corridor_feature
D:2:      layout_basic, basic_altar
D:3:      layout_loops_ring, kennysheep_generic_room_12, uniq_jessica,
          uniq_crazy_yiuf_cottage
D:4:      layout_loops_ring, mainiacjoe_overflow_surrounded_room, led_xom_imps,
          mainiacjoe_overflow_brackets, enter_ossuary_1, chequers_garden,
          uniq_sigmund
D:5:      layout_gridville
D:6:      layout_loops_cross, amethyst_overflow_temple_binary, minmay_ruffians
D:7:      minmay_razor_zed, layout_basic, temple_fountains, serial_shops, shop,
          enter_bailey_2, uniq_pikel
D:8:      layout_loops_corners, minmay_lair_entry_grove,
          amcnicky_mini_pool_medium
D:9:      minmay_klotski, layout_rooms, special_room [special_room_orc],
          minmay_misc_feat_more_columns, uniq_joseph
D:10:     layout_basic, ebering_ghost_reflecting_pool, hangedman_weighted_door,
          uniq_maggie
D:11:     layout_small_grid, gauntlet_entry_generic, makhleb_altar_promises_db
D:12:     minmay_skewed_foursquare, layout_small_grid
D:13:     layout_stronghold, david_vaults_1
D:14:     layout_basic, serial_shops, kennysheep_little_box,
          nicolae_shop_hallway_stairs, shop_fountains, nicolae_shop_trees,
          nicolae_shop_competitors_out_of_business, minmay_misc_feat_room
D:15:     gammafunk_depths_entry_grave, layout_grid_maze, abandoned_shop,
          guppyfry_shop_blood, uniq_kirke
Temple:   hellmonk_temple_divided_pantheon
Lair:1:   minmay_lair_oklob_chamber, layout_regular_city,
          chequers_serial_rivers_micro_c, serial_bayou_pond_d
Lair:2:   layout_chaotic_city, spider_nest_entry_web_field, grunt_megastairs_4
Lair:3:   layout_roguey, minmay_swamp_entry_worms,
          chequers_serial_rivers_small_b, minmay_hedge_maze,
          nzn_sisyphean_effort
Lair:4:   layout_cave_pods, grunt_megastairs_5
Lair:5:   evil_forest, layout_gridlike, minmay_slime_entry_oklob_enclosed,
          lemuel_another_geyser
Swamp:1:  layout_basic_swamp, nicolae_swamp_small_spring,
          infiniplex_staircase_pool_2
Swamp:2:  layout_falls_marsh, evilmike_swamp_ruin_house_6
Swamp:3:  cheibrodos_swamp_mausoleum, layout_basic_swamp,
          hangedman_swamp_diagram, uniq_louise
Swamp:4:  swamp_pestilence, layout_basic_swamp
Spider:1: layout_spider_delve, ebering_ghost_rock_garden,
          nicolae_spider_nooks_and_crannies, uniq_mlioglotl
Spider:2: layout_chambers
Spider:3: layout_spider_delve, portal_ice_cave_entry_pillars_three, drop_trap,
          nicolae_spider_rock_and_or_roll, nicolae_spider_cling_halls
Spider:4: grunt_spider_rune_circles, nicolae_spider_bzzzt
Slime:1:  layout_caves, basic_altar
Slime:2:  layout_caves
Slime:3:  layout_caves
Slime:4:  layout_caves, dissolution_awaits, uniq_dissolution
Slime:5
Orc:1:    layout_caves, led_sif_book
Orc:2:    st_orc_congregation, layout_diamond_mine, serial_shops,
          nicolae_shop_stone
Elf:1:    cheibrodos_wizards_tower, layout_gridlike, serial_shops, shop,
          portal_desolation_entry_holy_temple, minmay_elf_sorcery,
          corner_web_ring, nicolae_shop_gadgets, uniq_jorgrun
Elf:2:    nicolae_elf_blades_splatter_lattice
          [nicolae_blade_entry_diamond_columns], layout_gridlike, serial_shops,
          shop, nicolae_specific_store
Elf:3:    elf_hall_gauntlet_wide, layout_geoelf_diagonals, serial_corexii_hall,
          corexii_hall_statues_l, corexii_hall_statues_x, minivault_28,
          uniq_zenata
Vaults:1: nicolae_vaults_ring_of_whatevers, grunt_vaults_hallway_long,
          ontoclasm_vaults_gateway, hangedman_vaults_impose, v_misc_12,
          hangedman_vaults_stagger, vaults_room_grid, vaults_room_door_ring,
          hangedman_vaults_nails, layout_vaults_omnigrid
Vaults:2: hangedman_vaults_impose, vaults_room_door_ring,
          nicolae_vaults_little_squares_4, vaults_room_fours,
          ontoclasm_vaults_spin, v_misc_24, v_misc_30, ontoclasm_vaults_fault,
          vaults_room_fancy_cross, v_misc_15, nicolae_vaults_yaktaur_gun_rack,
          ontoclasm_vaults_hangar, hangedman_vaults_restitches,
          ontoclasm_vaults_chip, nicolae_vaults_little_squares_6,
          nicolae_vaults_shelves_hall, ontoclasm_vaults_shuriken,
          layout_vaults_ring
Vaults:3: v_alt_pattern_2, st_lattice, ontoclasm_vaults_chip, v_alt_pattern_1,
          v_pattern_2, vaults_dpeg_cross, v_misc_16, nicolae_vaults_network_s,
          minmay_crypt_entry_necro_gods, nicolae_vaults_ninety_degrees,
          nicolae_vaults_alarming, nicolae_vaults_little_squares_4,
          nicolae_vaults_gold_heap, layout_vaults_omnicross
Vaults:4: vaults_mumra_minichess_inversion, v_misc_33, hangedman_vaults_locks,
          v_misc_33, ontoclasm_vaults_ring_square, nicolae_vaults_what_the_h,
          vaults_room_pools, hangedman_vaults_stretched_pinwheel, v_misc_12,
          vaults_room_fancy_cross, vaults_room_grid, layout_vaults_maze_bifur,
          serial_glass
Vaults:5: serial_shops, uniq_mara
Depths:1: layout_big_octagon, trove_entry_hex_spiral, minmay_room_of_horrors,
          grunt_pan_entry_in_and_out, hell_entry, nicolae_benzene_ring,
          ebering_dispersal_statue_hall, hangedman_decor_opposing,
          pdpol_wu_jian_five_deadly_venoms
Depths:2: box_level_dp, serial_shops, pan_entry, hell_entry, abyss_entry
Depths:3: grated_community_mu [grated_community_mu_vampire_home,
          grated_community_mu_giant_home, grated_community_mu_spellcaster_home,
          grated_community_mu_orcish_home, grated_community_mu_troll_home,
          grated_community_mu_taur_home, grated_community_mu_unbuilt_plot],
          layout_cave_shapes, okawaru_gym_becter, abyss_entry_small_statue_room,
          hell_entry, minmay_guarded_unrand_curses, infiniplex_staircase_x,
          serial_bayou_shore_b, uniq_margery
Depths:4: grunt_zot_entry_funnels, layout_basic, abyss_entry_flame_altar,
          minmay_door_square, grunt_hell_horde, uniq_jory, uniq_sojobo
Hell
Zot:1:    layout_onion, uniq_tiamat, uniq_josephina

Skill      XL: |  1  2  3  4  5  6  7  8  9 10 11 12 13 14 15 16 17 18 19 20 21 22 23 24 25 |
---------------+----------------------------------------------------------------------------+-----
Stealth        | 2 3 4 5 6 8 10 11 13 15 16 18 19 21 24 27 | 27.0
Dodging        | 3 4 5 6 7 9 11 14 16 18 19 20 21 22 24 25 27 | 27.0
Fighting       | 2 3 4 5 6 7 9 10 12 13 14 16 17 18 19 21 22 | 22.2
Ranged Weapons | 5 6 7 8 10 11 13 14 16 17 18 20 22 23 24 | 24.8
Invocations    | 5 9 12 | 12.0
Spellcasting   | 3 8 |  8.0
Translocations | 4 11 18 | 18.5

Action                   |  1- 3 |  4- 6 |  7- 9 | 10-12 | 13-15 | 16-18 | 19-21 | 22-24 | 25-27 || total
-------------------------+-------+-------+-------+-------+-------+-------+-------+-------+-------++-------
 Fire: Shortbow          |   110 |   245 |   139 |       |       |       |       |       |       ||   494
       Arbalest          |       |       |    51 |   281 |   617 |  1044 |   840 |  1549 |   315 ||  4697
 Cast: Dispersal         |       |       |       |       |       |       |     3 |     5 |     3 ||    11
       Blink             |       |       |       |       |       |       |       |     2 |     1 ||     3
Invok: Heroism           |       |       |       |       |       |       |       |     1 |       ||     1
       Finesse           |       |       |       |       |       |       |       |     1 |       ||     1
Evoke: Wand              |       |       |       |    11 |       |     3 |       |       |       ||    14
  Use: Potion            |       |       |     1 |     2 |       |     5 |     1 |     7 |     9 ||    25
       Scroll            |       |       |    10 |    11 |    10 |     5 |     4 |     4 |       ||    44
Armor: Robe              |     8 |    10 |     2 |     7 |     4 |    12 |     5 |    11 |     3 ||    62
Dodge: Dodged            |    49 |    84 |    43 |   162 |    82 |   709 |   365 |  1186 |   316 ||  2996
Block: Other             |       |    15 |     9 |    36 |       |       |       |       |       ||    60
       Reflection        |       |       |       |     4 |       |       |       |       |       ||     4

Table legend: (Time is in decaauts)
 A = Elapsed time spent in this place.
 B = Non-inter-level travel time spent in this place.
 C = Inter-level travel time spent in this place.
 D = Time resting spent in this place.
 E = Time spent auto-exploring this place.
 F = Levels seen in this place.
 G = Mean time per level.
                   A        B        C        D        E       F      G
               +--------+--------+--------+--------+--------+-----+--------+
         Total |  43248 |  40704 |   2544 |   5244 |  25622 |  54 |  800.9 |
       Dungeon |   9720 |   8889 |    831 |      0 |   6932 |  15 |  648.0 |
        Temple |     39 |     39 |      0 |      0 |      0 |   1 |   39.0 |
          Lair |   3842 |   3330 |    512 |      0 |   2573 |   5 |  768.4 |
         Swamp |   3276 |   3125 |    151 |    466 |   1992 |   4 |  819.0 |
   Spider Nest |   4340 |   4221 |    119 |    755 |   2457 |   4 | 1085.0 |
    Slime Pits |   4498 |   4304 |    194 |   2074 |   1499 |   5 |  899.6 |
  Orcish Mines |    862 |    762 |    100 |     57 |    411 |   2 |  431.0 |
   Elven Halls |   3486 |   3179 |    307 |    367 |   1929 |   3 | 1162.0 |
        Vaults |   6035 |   5904 |    131 |    313 |   3908 |   5 | 1207.0 |
        Depths |   5323 |   5127 |    196 |    889 |   3186 |   4 | 1330.8 |
          Hell |      1 |      1 |      0 |      0 |      0 |   1 |    1.0 |
           Zot |    670 |    670 |      0 |    219 |    261 |   1 |  670.0 |
       Ossuary |    295 |    295 |      0 |      0 |    142 |   1 |  295.0 |
        Bailey |    162 |    162 |      0 |      0 |    118 |   1 |  162.0 |
      Ice Cave |    266 |    266 |      0 |    104 |     49 |   1 |  266.0 |
      Gauntlet |    424 |    424 |      0 |      0 |    160 |   1 |  424.0 |
               +--------+--------+--------+--------+--------+-----+--------+

Top non-repeatable levels by time:
Vaults:5: 2602 daAuts
 Slime:4: 2079 daAuts
Depths:4: 2055 daAuts
Depths:2: 1459 daAuts
   Elf:3: 1313 daAuts
Spider:2: 1302 daAuts
  Lair:5: 1246 daAuts
   Elf:1: 1243 daAuts
Depths:3: 1236 daAuts
 Swamp:3: 1146 daAuts
Spider:3: 1053 daAuts
Vaults:2: 1040 daAuts
Spider:4: 1012 daAuts
Vaults:3: 999 daAuts
Spider:1: 972 daAuts
